 Dungeon Crawl Stone Soup version 0.27.1-2-g3b301248ec (webtiles) character file.

Game seed: 10128763202165171920

256 wilfster70 the Chopper (level 6, -1/55 HPs)
             Began as a Hill Orc Fighter on Oct 1, 2021.
             Killed from afar by Dowan (2 damage)
             ... with a stone arrow
             ... on level 4 of the Dungeon.
             The game lasted 00:05:06 (3418 turns).

wilfster70 the Chopper (Hill Orc Fighter)           Turns: 3418, Time: 00:05:07

Health: -1/55      AC:  9    Str: 19    XL:     6   Next: 15%
Magic:  6/6        EV:  7    Int: 10    God:
Gold:   212        SH:  9    Dex: 10    Spells: 5/5 levels left

rFire    . . .     SeeInvis +   a - +0 war axe
rCold    . . .     Faith    .   c - +0 kite shield
rNeg     . . .     Spirit   .   b - +0 scale mail
rPois    .         Reflect  .   (no helmet)
rElec    .         Harm     .   (no cloak)
rCorr    .         Rampage  .   l - +0 pair of gloves
Will     .....                  k - +0 pair of boots
Stlth    ..........             (no amulet)
HPRegen  0.18/turn              p - ring of see invisible
MPRegen  0.10/turn              (no ring)

@: no status effects
A: no striking features
a: no special abilities


You were on level 4 of the Dungeon.
You visited 1 branch of the dungeon, and saw 4 of its levels.

You collected 212 gold pieces.

Inventory:

Hand Weapons
 a - a +0 war axe (weapon)
 r - a +0 trident
Armour
 b - a +0 scale mail (worn)
 c - a +0 kite shield (worn)
 k - a +0 pair of boots (worn)
 l - a +0 pair of gloves (worn)
Jewellery
 p - a ring of see invisible (left hand)
Wands
 o - a wand of iceblast (11)
Scrolls
 e - 7 scrolls of identify {unknown}
 f - 3 scrolls of fear {unknown}
 g - 2 scrolls of teleportation {unknown}
 h - a scroll of blinking {unknown}
 t - a scroll of summoning {unknown}
Potions
 d - 2 potions of might
 i - 2 potions of flight {unknown}
 j - 2 potions of haste {unknown}
 m - 3 potions of lignification {unknown}
 n - 2 potions of mutation {unknown}
 q - a potion of resistance {unknown}
 s - a potion of ambrosia {unknown}


   Skills:
 + Level 4.8 Fighting
 * Level 5.5 Axes
 + Level 4.3 Armour
 + Level 4.3 Shields


You had 5 spell levels left.
You didn't know any spells.
Your spell library contained the following spells:

 Spells                   Type           Power      Damage    Failure   Level
 Petrify                  Tmut/Erth      0%         N/A       100%        4
 Metabolic Englaciation   Hex/Ice        0%         N/A       100%        5
 Statue Form              Tmut/Erth      0%         N/A       100%        6


Dungeon Overview and Level Annotations

Branches:
Dungeon (4/15)
 Temple: D:4-7

Altars:
Okawaru
Yredelemnul
The Shining One

Shops:
D:1 :

Annotations:
D:4 Dowan


Message History

You slash Duvessa!
Duvessa is heavily wounded.
Duvessa barely misses you. x2
You hit Duvessa.
Duvessa is heavily wounded.
Duvessa hits you with a +3 rapier of draining.
You feel drained.
Duvessa zaps a wand.
The puff of flame hits you.
You hit Duvessa.
Duvessa is severely wounded.
Duvessa zaps a wand.
The puff of flame hits you.
Duvessa hits you with a +3 rapier of draining.
You feel drained.
Duvessa zaps a wand.
The puff of flame misses you.
You slash Duvessa!
Duvessa is almost dead.
Duvessa hits you with a +3 rapier of draining.
You feel drained.
* * * LOW HITPOINT WARNING * * *
Dowan says, "Magic and the sword, together, will defeat you."
Duvessa closely misses you.
You slash Duvessa!
You kill Duvessa!
Dowan's eyes darken. "You have made a black mistake."
Dowan seems to find hidden reserves of power!
You block Dowan's attack. x2
Your life force feels restored.
Your Axes skill increases to level 5!
You have reached level 6!
Your experience leads to an increase in your attributes!
Increase (S)trength, (I)ntelligence, or (D)exterity?
You feel clever.
You closely miss Dowan. Dowan hits you but does no damage.
Dowan completely misses you.
You slash Dowan!
Dowan is heavily wounded.
Dowan gestures at you while chanting. The shard of ice hits you!
* * * LOW HITPOINT WARNING * * *
Dowan points at you and mumbles some strange words.
The stone arrow hits you.
You die...

########..##
#.<.@e......
#.######..##
#.# #.# #.#
#.# #.# .##
#####.# #._
#...#.# #.#


You could see Dowan (fast).

Vanquished Creatures
  Duvessa (D:4)
  A scorpion (D:4)
  3 adders
  3 worms (D:2)
  2 dart slugs
  5 endoplasms
  6 giant cockroaches
  5 goblins
  8 hobgoblins
  2 quokkas
  6 ball pythons
  7 bats
  A frilled lizard (D:2)
  4 kobolds (D:1)
  5 rats
59 creatures vanquished.

Notes
Turn   | Place    | Note
-------+----------+-------------------------------------------
     0 | D:1      | wilfster70 the Hill Orc Fighter began the quest for the
                  | Orb.
     0 | D:1      | Reached XP level 1. HP: 19/19 MP: 1/1
   133 | D:1      | Reached skill level 3 in Axes
   155 | D:1      | Reached XP level 2. HP: 27/27 MP: 2/2
   165 | D:1      | Found a faded altar of an unknown god.
   540 | D:1      | Reached XP level 3. HP: 27/33 MP: 3/3
   610 | D:1      | Found Etotumn's Book Shop.
  1437 | D:2      | Reached skill level 4 in Axes
  1805 | D:2      | Reached XP level 4. HP: 33/40 MP: 4/4
  2472 | D:3      | Found a glowing golden altar of the Shining One.
  2474 | D:3      | Noticed an angel
  2481 | D:3      | Found a basalt altar of Yredelemnul.
  2483 | D:3      | Noticed a profane servitor
  3011 | D:4      | Noticed a scorpion
  3017 | D:4      | Killed a scorpion
  3018 | D:4      | Reached XP level 5. HP: 33/47 MP: 5/5
  3155 | D:4      | Found an iron altar of Okawaru.
  3402 | D:4      | Noticed Dowan
  3404 | D:4      | Noticed Duvessa
  3416 | D:4      | Killed Duvessa
  3417 | D:4      | Reached skill level 5 in Axes
  3417 | D:4      | Reached XP level 6. HP: 14/55 MP: 6/6
  3418 | D:4      | HP: 1/55 [Dowan/shard of ice (14)]
  3418 | D:4      | Killed from afar by Dowan

Illustrated notes

Levels and vault maps discovered:
D:1:      eino_arrival_water_star, layout_loops_ring,
          shapermc_ecumenical_altar_mp_highgroup, serial_shops, shop
D:2:      layout_loops_ring, minmay_misc_feat_alley
D:3:      layout_basic, grunt_temple_overflow_holy_war
D:4:      layout_loops_ring, overflow_temple_1_default, uniq_duvessa

Skill      XL: |  1  2  3  4  5 |
---------------+----------------+-----
Axes           | 3 4 5 |  5.5
Fighting       | 4 |  4.8
Armour         | 4 |  4.3
Shields        | 4 |  4.3

Action                   |  1- 3 |  4- 6 || total
-------------------------+-------+-------++-------
Melee: War axe           |   130 |    61 ||   191
Armor: Scale mail        |    63 |    21 ||    84
Dodge: Dodged            |    49 |    21 ||    70
Block: Kite shield       |    61 |    27 ||    88
